 Dungeon Crawl Stone Soup version 0.23.2-1-ga50397a6bc (webtiles) character file.

Game seed: 5708948480403148071

88 Mrkan the Poker (level 4, -1/35 HPs)
             Began as a Merfolk Gladiator on May 20, 2019.
             Slain by an orc wizard
             ... wielding a +0 dagger
              (3 damage)
             ... on level 3 of the Dungeon.
             The game lasted 00:02:40 (1564 turns).

Mrkan the Poker (Merfolk Gladiator)                 Turns: 1564, Time: 00:02:41

Health: -1/35      AC:  4    Str: 15    XL:     4   Next: 53%
Magic:  4/4        EV: 14    Int:  7    God:
Gold:   78         SH:  0    Dex: 15    Spells: 3/3 levels left

rFire    . . .     SeeInvis .   a - +0 trident
rCold    . . .     Gourm    .   (no shield)
rNeg     . . .     Faith    .   b - +0 leather armour
rPois    .         Spirit   .   c - +0 helmet
rElec    .         Reflect  .   (no cloak)
rCorr    .         Harm     .   (no gloves)
MR       .....                  (no boots)
Stlth    +.........             (no amulet)
HPRegen  0.11/turn              (no ring)
MPRegen  0.09/turn              (no ring)

@: no status effects
A: change form in water, swift swim, stealthy swim
a: no special abilities


You were on level 3 of the Dungeon.
You were very hungry.

You visited 1 branch of the dungeon, and saw 3 of its levels.

You collected 78 gold pieces.

Inventory:

Hand Weapons
 a - a +0 trident (weapon)
Missiles
 d - 3 throwing nets (quivered)
Armour
 b - a +0 leather armour (worn)
 c - a +0 helmet (worn)
Jewellery
 e - a +3 ring of evasion {unknown}
 g - a cursed -3 ring of intelligence {unknown}
 t - an uncursed amulet of guardian spirit {unknown}
Scrolls
 j - a scroll of noise {unknown}
 k - 2 scrolls of identify {unknown}
 l - 2 scrolls of blinking {unknown}
 m - 2 scrolls of teleportation {unknown}
 n - a scroll of enchant weapon {unknown}
 o - 2 scrolls of remove curse {unknown}
 p - 3 scrolls of enchant armour {unknown}
Potions
 h - a potion of degeneration {unknown}
 i - 3 potions of berserk rage {unknown}
 q - 2 potions of resistance {unknown}
 r - a potion of lignification {unknown}
 s - a potion of magic {unknown}
Comestibles
 f - 3 rations


   Skills:
 + Level 3.1 Fighting
 * Level 6.2 Polearms
 - Level 2.0 Throwing
 + Level 4.8 Dodging


You had 3 spell levels left.
You didn't know any spells.
Your spell library contained the following spells:

 Spells                   Type           Power        Failure   Level  Hunger
 Animate Skeleton         Necr           N/A          50%         1    ##.....
 Apportation              Tloc           #.....       50%         1    ##.....
 Confusing Touch          Hex            #.....       50%         1    ##.....
 Summon Small Mammal      Summ           #...         50%         1    ##.....


Dungeon Overview and Level Annotations

Branches:
Dungeon (3/15)

Altars:
Kikubaaqudgha


Message History

The orc wizard casts a spell.
The orc wizard blinks!
The orc hits the plant with a cursed -1 mace.
The orc hits you but does no damage.
The frilled lizard bites the plant.
The giant cockroach bites something but does no damage.
The giant cockroach bites the plant but does no damage.
The giant cockroach bites the plant but does no damage.
You puncture the frilled lizard!
You kill the frilled lizard!
The rat bites you but does no damage. The orc hits you but does no damage.
You barely miss the orc. The rat closely misses you.
The orc wizard mumbles some strange words.
The orc wizard blinks!
The orc wizard hits you with a +0 dagger.
* * * LOW HITPOINT WARNING * * *
The orc barely misses you.
The orc wizard hits you with a +0 dagger.
* * * LOW HITPOINT WARNING * * *
The orc wizard hits you with a +0 dagger.
You die...

#. ###. #.. .... ..# #.#
##........ .... #.#
#........S ...# #.#
#........> ....#
#.###........o
#..####.#...........
#.....o.r@..........
#...s.ooo##........
#######.#.#...##.........
.........##..##.#.###.##
#...............#.#
###.######o#........###...
#..........)P)<............
#.....##..#≈≈†P.....##....#
#..†..##.##≈♣≈....#........


You could see an orc wizard, 3 orcs, a giant cockroach and a rat.

Vanquished Creatures
  2 adders (D:3)
  An ooze (D:2)
  A worm (D:2)
  3 dart slugs
  An orc (D:3)
  4 giant cockroaches
  6 goblins
  6 hobgoblins
  6 jackals (D:1)
  6 bats
  7 frilled lizards
  4 kobolds
  A quokka zombie (D:2)
  6 rats
  A rat zombie (D:2)
55 creatures vanquished.

Notes
Turn   | Place    | Note
-------+----------+-------------------------------------------
     0 | D:1      | Mrkan the Merfolk Gladiator began the quest for the Orb.
     0 | D:1      | Reached XP level 1. HP: 16/16 MP: 1/1
   123 | D:1      | Reached XP level 2. HP: 16/23 MP: 2/2
   323 | D:1      | Reached skill level 5 in Polearms
   792 | D:2      | Reached XP level 3. HP: 27/28 MP: 3/3
  1284 | D:2      | Found an ancient bone altar of Kikubaaqudgha.
  1406 | D:3      | Reached skill level 6 in Polearms
  1406 | D:3      | Reached XP level 4. HP: 35/35 MP: 4/4
  1564 | D:3      | Slain by an orc wizard

Skill      XL: |  1  2  3 |
---------------+----------+-----
Polearms       | 5 6 |  6.2
Fighting       | 3 |  3.1
Throwing       | |  2.0
Dodging        | |  4.8

Action                   |  1- 3 |  4- 6 || total
-------------------------+-------+-------++-------
Melee: Trident           |   100 |    47 ||   147
       Tailslap          |       |     3 ||     3
 Stab: Sleeping          |     1 |       ||     1
  Eat: Chunk             |     1 |       ||     1
Armor: Leather armour    |    20 |    16 ||    36
Dodge: Dodged            |    78 |    75 ||   153
